 Dungeon Crawl Stone Soup version 0.20.1-1-g8b1a95d (webtiles) character file.

5016 Gremour the Carver (level 10, -1/88 HPs)
             Began as a Minotaur Monk on Dec 23, 2017.
             Was a Priest of the Shining One.
             Slain by a very large slime creature (48 damage)
             ... on level 9 of the Dungeon.
             The game lasted 00:40:50 (8442 turns).

Gremour the Carver (Minotaur Monk)                  Turns: 8442, Time: 00:40:50

Health: -1/88      AC:  9    Str: 16    XL:     10   Next: 30%
Magic:  10/10      EV: 13    Int:  7    God:    the Shining One [***...]
Gold:   344        SH:  0    Dex: 16    Spells: 9/9 levels left

rFire    . . .     SeeInvis +   a - +0 long sword
rCold    . . .     Gourm    .   (no shield)
rNeg     + . .     Faith    .   j - +0 troll leather armour
rPois    .         Spirit   .   s - +1 hat {SInv}
rElec    .         Reflect  .   (no cloak)
rCorr    .         Harm     .   (no gloves)
MR       .....                  n - +1 pair of boots
Stlth    +.........             (no amulet)
Regen    0.7/turn               (no ring)
MPRegen  0.2/turn               (no ring)

@: glowing
A: retaliatory headbutt, horns 2
a: Divine Shield, Renounce Religion


You were on level 9 of the Dungeon.
You worshipped the Shining One.
The Shining One was most pleased with you.
You were not hungry.

You visited 2 branches of the dungeon, and saw 10 of its levels.
You also visited: Sewer.

You collected 344 gold pieces.

Inventory:

Hand Weapons
 a - a +0 long sword (weapon)
 g - a +2 dagger of flaming
 u - a +1 falchion
Missiles
 v - 13 tomahawks (quivered)
Armour
 f - a +0 chain mail
 j - a +0 troll leather armour (worn)
 n - a +1 pair of boots (worn)
 p - a +0 large shield
 s - a +1 hat of see invisible (worn)
Jewellery
 q - a cursed -3 ring of intelligence {unknown}
Wands
 d - a wand of disintegration (12/24)
 e - a wand of acid (5/15)
 w - a wand of acid (10/15)
 z - a wand of scattershot (3/9)
Scrolls
 b - a scroll of amnesia {unknown}
 i - 3 scrolls of identify
 k - 2 scrolls of teleportation
 l - 4 scrolls of fog
 x - 3 scrolls of magic mapping
 y - a scroll of enchant armour
 B - a scroll of enchant weapon
Potions
 m - a potion of agility
 t - a potion of magic
 A - a potion of resistance {unknown}
Miscellaneous
 D - a phial of floods
Comestibles
 c - 3 bread rations
 h - 11 royal jellies
 o - 12 fruits
 r - 5 meat rations
 C - 4 chunks of flesh


   Skills:
 * Level 7.8 Fighting
 + Level 13.8 Long Blades
 * Level 8.9 Armour
 - Level 3.2 Dodging
 - Level 1.5 Stealth
 * Level 0.5 Shields
 * Level 2.2 Invocations


You had 9 spell levels left.
You didn't know any spells.

Dungeon Overview and Level Annotations

Branches:
Dungeon (9/15)             Temple (1/1) D:4
   Lair: D:8-11         Orc: D:9-12

Altars:
Ashenzari
Cheibriados
Gozag
Hepliaklqana
Kikubaaqudgha
Makhleb
Nemelex Xobeh
Qazlal
Sif Muna
Trog
Uskayaw
Vehumet
Xom
Yredelemnul
Zin
The Shining One
Lugonu

Shops:
D:4 }


Innate Abilities, Weirdness & Mutations

You reflexively headbutt those who attack you in melee.
You have a pair of horns on your head.


Message History

You barely miss the large slime creature.
You headbutt the large slime creature.
The large slime creature is heavily wounded.
You slash the large slime creature!
The large slime creature is severely wounded.
The large slime creature hits you!!
Two slime creatures merge to form a very large slime creature.
You hit the very large slime creature.
You headbutt the very large slime creature!
The very large slime creature is heavily wounded.
You slash the very large slime creature!
You headbutt the very large slime creature, but do no damage.
The very large slime creature is heavily wounded.
You slash the very large slime creature!
The very large slime creature is severely wounded.
You slash the very large slime creature!
The very large slime creature is severely wounded.
The very large slime creature hits you!!!
Ouch! That really hurt!
You die...

#.......##....#
#..
#.......##....#
#..
#.............#
#..
#.............#
###
#.#.####......#
#%#.# ###....#
#.#.# .....#
#.#.# ...####
#@# ...# #J#
...# ... .#
##.J. #....
#..... #.....?
###....#


You could see a very large slime creature and a slime creature.

Vanquished Creatures
  Pikel (D:7)
  A queen bee (D:9)
  A troll (D:9)
  A hippogriff (D:7)
  A wyvern (D:9)
  3 porcupines (D:8)
  Duvessa (D:6)
  3 ice beasts
  An orc warrior (D:6)
  3 ogres
  A necrophage (D:7)
  3 phantoms
  2 centaurs
  A big kobold (D:7)
  5 bullfrogs
  Dowan (D:6)
  A water moccasin skeleton (D:6)
  17 killer bees (D:9)
  The ghost of letownia2 the Grave Robber, a weakling DDNe (D:4)
  2 crimson imps
  A jelly (D:5)
  4 orc priests
  5 hounds
  5 orc wizards
  3 bullfrog skeletons
  A centaur skeleton (D:5)
  2 iguanas (D:7)
  3 worker ants
  A worker ant zombie (D:5)
  7 gnolls
  12 adders
  2 river rats (D:3)
  3 adder skeletons
  2 adder zombies (D:5)
  3 worms
  3 dart slugs
  5 leopard geckos
  25 orcs
  2 bats
  9 giant cockroaches
  4 goblins
  4 hobgoblins
  19 jackals
  6 quokkas
  4 ball pythons
  6 frilled lizards
  13 kobolds
  A leopard gecko skeleton (D:8)
  3 rats (D:3)
  2 plants (Sewer)
210 creatures vanquished.

Vanquished Creatures (others)
  2 slaves (D:7)
  2 orc wizards (D:4)
  2 orcs (D:4)
  A quokka (D:7)
  A fungus (D:8)
  A plant (Sewer)
9 creatures vanquished.

Grand Total: 219 creatures vanquished

Notes
Turn   | Place    | Note
-------+----------+-------------------------------------------
     0 | D:1      | Gremour the Minotaur Monk began the quest for the Orb.
     0 | D:1      | Reached XP level 1. HP: 19/19 MP: 0/0
    53 | D:1      | Reached skill level 4 in Long Blades
    94 | D:1      | Reached XP level 2. HP: 22/26 MP: 1/1
   375 | D:1      | You fall through a shaft!
   510 | D:2      | Reached skill level 5 in Long Blades
   541 | D:2      | Reached XP level 3. HP: 31/31 MP: 2/2
   886 | D:3      | Found a hide-covered altar of Uskayaw.
  1207 | D:3      | Found a glowing drain.
  1219 | D:3      | Reached skill level 6 in Long Blades
  1219 | D:3      | Reached XP level 4. HP: 12/39 MP: 3/3
  1223 | Sewer    | Entered a sewer
  1934 | Sewer    | Reached XP level 5. HP: 35/45 MP: 4/4
  2279 | D:3      | Reached skill level 7 in Long Blades
  2404 | D:4      | Found Dudeon's Gadget Shop.
  2450 | D:4      | Found a radiant altar of Vehumet.
  2650 | D:4      | Noticed an ogre
  2669 | D:4      | Killed an ogre
  2669 | D:4      | Reached skill level 8 in Long Blades
  3088 | D:4      | Reached XP level 6. HP: 51/51 MP: 5/5
  3160 | D:4      | Found a hazy altar of Hepliaklqana.
  3173 | D:4      | Noticed letownia2's ghost (weakling DDNe)
  3184 | D:4      | Killed letownia2's ghost
  3191 | D:4      | Reached skill level 9 in Long Blades
  3403 | D:4      | Found a deep blue altar of Sif Muna.
  3438 | D:4      | Found a bloodstained altar of Trog.
  3618 | D:4      | Found a glowing golden altar of the Shining One.
  3627 | D:4      | Became a worshipper of the Shining One
  3627 | D:4      | Reached * piety under the Shining One
  3627 | D:4      | Reached ** piety under the Shining One
  3687 | D:4      | Reached XP level 7. HP: 57/57 MP: 6/6
  3699 | D:4      | Found a staircase to the Ecumenical Temple.
  3714 | Temple   | Entered the Ecumenical Temple
  4102 | D:5      | Entered Level 5 of the Dungeon
  4475 | D:5      | Reached skill level 10 in Long Blades
  4643 | D:5      | Reached skill level 11 in Long Blades
  4852 | D:5      | Found a shimmering altar of Xom.
  5088 | D:6      | Reached XP level 8. HP: 55/64 MP: 7/7
  5138 | D:6      | Noticed Duvessa
  5138 | D:6      | Noticed Dowan
  5152 | D:6      | Killed Duvessa
  5152 | D:6      | Reached skill level 1 in Armour
  5155 | D:6      | Killed Dowan
  5323 | D:6      | Reached skill level 12 in Long Blades
  5790 | D:6      | Reached skill level 5 in Fighting
  6293 | D:6      | Reached XP level 9. HP: 74/74 MP: 8/8
  6691 | D:7      | Found an opulent altar of Gozag.
  6764 | D:7      | Noticed Pikel
  6782 | D:7      | Reached *** piety under the Shining One
  6899 | D:7      | Killed Pikel
  6899 | D:7      | Reached skill level 13 in Long Blades
  7259 | D:8      | Noticed a two-headed ogre
  7349 | D:8      | Noticed a two-headed ogre
  7752 | D:9      | Reached XP level 10. HP: 77/86 MP: 9/9
  7753 | D:9      | Reached skill level 1 in Invocations
  8442 | D:9      | Slain by a very large slime creature

Skill      XL: |  1  2  3  4  5  6  7  8  9 10 |
---------------+-------------------------------+-----
Long Blades    | 4 5 6 8 9 11 12 13 | 13.8
Fighting       | 5 7 |  7.8
Armour         | 4 8 |  8.9
Invocations    | 2 |  2.2
Dodging        | |  3.2
Stealth        | |  1.5
Shields        | |  0.5

Action                   |  1- 3 |  4- 6 |  7- 9 | 10-12 || total
-------------------------+-------+-------+-------+-------++-------
Melee: Falchion          |    93 |   185 |    11 |       ||   289
       Headbutt          |    17 |    45 |    64 |    20 ||   146
       Long sword        |       |    94 |   304 |   122 ||   520
Invok: Divine Shield     |       |       |     2 |       ||     2
Evoke: Wand              |       |       |     1 |       ||     1
  Use: Scroll            |     7 |     6 |     6 |       ||    19
       Potion            |       |     5 |    12 |     2 ||    19
  Eat: Chunk             |     1 |     9 |    12 |       ||    22
       Meat ration       |       |       |       |     1 ||     1
Armor: Chain mail        |    62 |   113 |   189 |    52 ||   416
       Troll leather arm |       |       |       |     1 ||     1
Dodge: Dodged            |    51 |    77 |   141 |    44 ||   313
Block: Other             |       |       |     8 |       ||     8
       Rpst.: Falchion   |    19 |    11 |     1 |       ||    31
       Long sword        |       |     8 |    38 |    12 ||    58
